 Dungeon Crawl Stone Soup version 0.27.0-1-g7a089689b8 (webtiles) character file.

Game seed: 5641400984312584454

366 rogsnak the Firebug (level 6, 0/46 HPs)
             Began as a Draconian Fire Elementalist on Aug 12, 2021.
             Slain by a two-headed ogre (20 damage)
             ... on level 4 of the Dungeon.
             The game lasted 00:08:55 (3995 turns).

rogsnak the Firebug (Draconian Fire Elementalist)   Turns: 3995, Time: 00:08:55

Health: 0/46       AC:  6    Str: 10    XL:     6   Next: 40%
Magic:  4/11       EV: 12    Int: 17    God:
Gold:   78         SH:  0    Dex: 12    Spells: 2/12 levels left

rFire    . . .     SeeInvis +   A - +0 whip (venom)
rCold    . . .     Faith    .   (no shield)
rNeg     . . .     Spirit   .   (armour unavailable)
rPois    .         Reflect  .   (helmet restricted)
rElec    .         Harm     .   (no cloak)
rCorr    +         Rampage  .   (no gloves)
Will     .....                  (no boots)
Stlth    ++........             (no amulet)
HPRegen  0.15/turn              i - ring of see invisible
MPRegen  0.12/turn              j - ring of resist corrosion

@: no status effects
A: AC +6, unfitting armour, cold-blooded
a: no special abilities


You were on level 4 of the Dungeon.
You visited 1 branch of the dungeon, and saw 4 of its levels.

You collected 78 gold pieces.

Inventory:

Hand Weapons
 a - a +0 club
 c - a +0 spear
 m - a +0 short sword of speed
 w - a +1 dagger of speed
 y - a +0 mace of holy wrath
 A - a +0 whip of venom (weapon)
Missiles
 b - 124 stones
 l - 6 atropa-tipped darts
 x - 4 poisoned darts
Armour
 u - a +0 kite shield
Jewellery
 i - a ring of see invisible (left hand)
 j - a ring of resist corrosion (right hand)
 z - a ring of ice
Wands
 s - a wand of flame (8)
Scrolls
 d - a scroll of holy word {unknown}
 f - a scroll of noise {unknown}
 g - a scroll of enchant armour {unknown}
 n - a scroll of blinking {unknown}
 p - 3 scrolls of teleportation {unknown}
 q - a scroll of identify {unknown}
 r - a scroll of summoning {unknown}
 t - a scroll of torment {unknown}
 v - a scroll of enchant weapon {unknown}
 B - a scroll of amnesia {unknown}
 C - a scroll of fear {unknown}
Potions
 e - 2 potions of lignification {unknown}
 h - 2 potions of mutation {unknown}
 k - a potion of invisibility {unknown}
 o - a potion of attraction {unknown}


   Skills:
 + Level 0.6 Fighting
 + Level 2.4 Dodging
 - Level 2.0 Stealth
 + Level 3.8 Spellcasting
 * Level 3.8 Conjurations
 + Level 4.3 Fire Magic


You had 2 spell levels left.
You knew the following spells:

 Your Spells              Type           Power      Damage    Failure   Level
a - Foxfire               Conj/Fire      68%        2x1d7     3%          1
b - Sticky Flame          Conj/Fire      17%        2d4       30%         4
c - Fireball              Conj/Fire      8%         3d6       63%         5

Your spell library contained the following spells:

 Spells                   Type           Power      Damage    Failure   Level
 Conjure Flame            Conj/Fire      17%        6-21      9%          3
 Inner Flame              Hex/Fire       10%        N/A       21%         3
 Hailstorm                Conj/Ice       9%         3d4       58%         4
 Ice Form                 Ice/Tmut       3%         N/A       85%         4
 Simulacrum               Ice/Necr       1%         N/A       100%        6


Dungeon Overview and Level Annotations

Branches:
Dungeon (4/15)
 Temple: D:4-7

Altars:


Innate Abilities, Weirdness & Mutations

Your plain brown scales are hard. (AC +6)
You cannot fit into any form of body armour.
You are cold-blooded and may be slowed by cold attacks.


Message History

You conjure some foxfire!
The foxfire hits the two-headed ogre.
The two-headed ogre is lightly wounded.
The foxfire hits the two-headed ogre.
The two-headed ogre is lightly wounded.
Unknown command.
Casting: Foxfire (safe; 3% risk of failure)
Confirm with . or Enter, or press ? or * to list all spells.
The spell is quite dangerous to cast (30% risk of failure)!
Continue anyway?
Okay, then.
Unknown command.
Casting: Sticky Flame (quite dangerous; 30% risk of failure)
Confirm with . or Enter, or press ? or * to list all spells.
The spell is quite dangerous to cast (30% risk of failure)!
Continue anyway?
Aiming: Sticky Flame (quite dangerous; 30% risk of failure)
Press: ? - help, Shift-Dir - straight line, f - two-headed ogre
Aim: a two-headed ogre, wielding two +0 giant clubs (lightly wounded, ally target, 100% to hit)
The sticky flame hits the two-headed ogre.
The two-headed ogre is moderately wounded.
The two-headed ogre is covered in liquid flames!
The two-headed ogre burns!
The foxfire hits the two-headed ogre.
The two-headed ogre is moderately wounded.
The foxfire hits the two-headed ogre.
The two-headed ogre is heavily wounded.
The two-headed ogre hits you with a +0 giant club!
The two-headed ogre misses you.
The two-headed ogre burns!
The two-headed ogre burns!
The two-headed ogre burns!
The two-headed ogre burns!
You hit the two-headed ogre but do no damage.
The two-headed ogre is poisoned.
The two-headed ogre is severely wounded.
The two-headed ogre burns!
The two-headed ogre closely misses you.
The two-headed ogre hits you with a +0 giant club!!
You hit the two-headed ogre but do no damage.
The two-headed ogre is almost dead.
The two-headed ogre burns!
The two-headed ogre completely misses you.
The two-headed ogre hits you with a +0 giant club!!
You die...

##...†........#......#
###.........###......#
..........###.......##
..........##.......[.#
.....####.##..#.....#
......##...#..#.....###
......................#
...........##†##O...###
#............†##@####
...............###
...........##...#
........#......##
..............##
........#.....#
.......##..####
.........### ...#.#.###


You could see a two-headed ogre (burning, very poisoned).

Vanquished Creatures
  A necrophage (D:4)
  An orc priest (D:3)
  Natasha (thrice) (D:2)
  A killer bee zombie (D:3)
  5 adders
  4 worms
  A dart slug (D:3)
  10 orcs (D:3)
  4 ball pythons
  6 endoplasms
  2 giant cockroaches (D:1)
  6 goblins
  3 hobgoblins
  12 jackals
  2 quokkas
  7 bats
  A frilled lizard (D:3)
  12 kobolds
  7 rats
88 creatures vanquished.

Vanquished Creatures (collateral kills)
  4 foxfires (D:1)
4 creatures vanquished.

Vanquished Creatures (others)
  273 foxfires
  7 plants (D:1)
280 creatures vanquished.

Grand Total: 372 creatures vanquished

Notes
Turn   | Place    | Note
-------+----------+-------------------------------------------
     0 | D:1      | rogsnak the Draconian Fire Elementalist began the quest for
                  | the Orb.
     0 | D:1      | Reached XP level 1. HP: 14/14 MP: 3/3
   251 | D:1      | Reached XP level 2. HP: 18/20 MP: 0/5
   766 | D:1      | Found a faded altar of an unknown god.
  1164 | D:1      | Reached XP level 3. HP: 26/26 MP: 2/6
  1636 | D:2      | Noticed Natasha
  1641 | D:2      | Killed Natasha
  1642 | D:2      | Reached XP level 4. HP: 33/33 MP: 2/7
  1997 | D:2      | Learned a level 4 spell: Sticky Flame
  2151 | D:2      | Noticed Natasha
  2158 | D:2      | Killed Natasha
  2240 | D:2      | Noticed Natasha
  2245 | D:2      | Killed Natasha
  2246 | D:2      | Reached skill level 4 in Fire Magic
  2246 | D:2      | Reached XP level 5. HP: 27/38 MP: 4/9
  3578 | D:3      | Reached XP level 6. HP: 46/46 MP: 6/11
  3792 | D:4      | Noticed a two-headed ogre
  3967 | D:4      | Learned a level 5 spell: Fireball
  3995 | D:4      | Slain by a two-headed ogre

Illustrated notes

Levels and vault maps discovered:
D:1:      grunt_arrival_lava_bath, layout_basic,
          shapermc_ecumenical_altar_totnotflames, serial_bayou,
          serial_bayou_crossing, serial_bayou_pond_a, serial_bayou_lagoon_a,
          serial_bayou_pond_b, serial_bayou_pond_a, serial_bayou_pond_d,
          minmay_fountain_box, minmay_misc_feat_x
D:2:      layout_rooms, minmay_tiny_reverse_x, uniq_natasha
D:3:      layout_basic
D:4:      layout_cave_pools, mainiacjoe_overflow_alcove_3, kennysheep_donut,
          kennysheep_generic_room_7

Skill      XL: |  1  2  3  4  5 |
---------------+----------------+-----
Dodging        | 2 |  2.4
Stealth        | 2 |  2.0
Conjurations   | 2 3 |  3.8
Spellcasting   | 3 |  3.8
Fire Magic     | 4 |  4.3
Fighting       | |  0.6

Action                   |  1- 3 |  4- 6 || total
-------------------------+-------+-------++-------
Melee: Unarmed           |    10 |       ||    10
       Tailslap          |     2 |     4 ||     6
       Club              |    13 |       ||    13
       Spear             |     9 |       ||     9
       Short sword       |     9 |    29 ||    38
       Dagger            |       |     5 ||     5
       Whip              |       |     4 ||     4
       Mace              |       |     1 ||     1
 Cast: Foxfire           |    49 |   120 ||   169
       Sticky Flame      |       |     1 ||     1
 Stab: Sleeping          |     3 |     2 ||     5
Armor: Skin              |    21 |     6 ||    27
Dodge: Dodged            |    43 |    26 ||    69
